 Dungeon Crawl Stone Soup version 0.25.1-2-g60ff931df9 (webtiles) character file.

Game seed: 3485601620170173771

10778 DerDa the Fighter (level 11, -7/89 HPs)
             Began as a Demonspawn Berserker on Sept 9, 2020.
             Was a High Priest of Trog.
             Mangled by a sun demon (9 damage)
             ... on level 1 of the Abyss.
             The game lasted 00:21:03 (9068 turns).

DerDa the Fighter (Demonspawn Berserker)            Turns: 9068, Time: 00:21:03

Health: -7/89      AC:  9    Str: 32    XL:     11   Next: 40%
Magic:  0/14       EV: 15    Int:  8    God:    Trog [*****.]
Gold:   489        SH:  5    Dex:  9    Spells: 10/10 levels left

rFire    . . .     SeeInvis +   y - +2 hand axe (vorpal)
rCold    . . .     Gourm    .   o - +0 buckler
rNeg     . . .     Faith    .   J - +0 troll leather armour
rPois    .         Spirit   +   A - +0 helmet
rElec    .         Reflect  .   M - scarf {repulsion}
rCorr    .         Harm     .   (no gloves)
MR       ++...                  (no boots)
Stlth    +.........             (no amulet)
HPRegen  0.64/turn              d - +6 ring of strength
MPRegen  0.14/turn              E - ring "Wyxtimeu" {+Blink MR++ Str+5 Dex-4 SInv}

@: repel missiles
A: claws 1, slimy green scales 2, spiny 3, magic shield
a: Berserk, Trog's Hand, Brothers in Arms, Renounce Religion, Evoke Blink


You were on level 1 of the Abyss.
You worshipped Trog.
Trog was extremely pleased with you.
You were hungry.

You visited 2 branches of the dungeon, and saw 11 of its levels.
You visited the Abyss 1 time.
You also visited: Sewer.

You collected 535 gold pieces.
You spent 46 gold pieces at shops.

Inventory:

Hand Weapons
 n - a +0 hunting sling
 y - a +2 vorpal hand axe (weapon)
Missiles
 g - 129 sling bullets
 j - 293 stones
 G - 46 poisoned darts (quivered)
 L - 61 bolts
Armour
 b - a +0 animal skin
 i - a +0 ring mail
 o - a +0 buckler (worn)
 A - a +0 helmet (worn)
 J - a +0 troll leather armour (worn)
 M - a scarf of repulsion (worn)
Jewellery
 d - a +6 ring of strength (left claw)
 f - a +4 ring of evasion
 q - an uncursed ring of protection from cold
 C - an uncursed ring of poison resistance {unknown}
 E - the ring "Wyxtimeu" (right claw) {+Blink MR++ Str+5 Dex-4 SInv}
   (You acquired it on level 6 of the Dungeon)

   [ring of see invisible]

   It affects your strength (+5).
   It affects your dexterity (-4).
   It affects your resistance to hostile enchantments.
   It lets you see invisible.
   It lets you blink.
 I - an uncursed ring of ice
Wands
 x - a wand of polymorph (12)
 z - a wand of flame (17)
 N - a wand of disintegration (14)
 O - a wand of clouds (5)
Scrolls
 a - 2 scrolls of noise {unknown}
 e - 2 scrolls of magic mapping
 p - a scroll of summoning
 s - 2 scrolls of identify
 t - 4 scrolls of teleportation
 u - 3 scrolls of enchant weapon
 w - 7 scrolls of remove curse
 D - 3 scrolls of fear
 K - a scroll of blinking {unknown}
 P - a scroll of torment {unknown}
Potions
 h - 2 potions of haste
 k - 2 potions of heal wounds
 l - 2 potions of cancellation {unknown}
 m - 2 potions of berserk rage {unknown}
 r - a potion of might {unknown}
 v - 2 potions of magic {unknown}
 B - a potion of invisibility {unknown}
 F - 12 potions of curing {unknown}
 H - 6 potions of stabbing {unknown}
 Q - a potion of lignification {unknown}
 R - a potion of ambrosia {unknown}
Comestibles
 c - 16 rations


   Skills:
 * Level 9.4 Fighting
   Level 3.3 Long Blades
 * Level 8.3 Armour
 * Level 8.3 Dodging
 * Level 7.8 Shields
 + Level 4.2 Evocations


You had 10 spell levels left.
You didn't know any spells.
Your spell library was empty.

Dungeon Overview and Level Annotations

Branches:
Dungeon (10/15)            Temple (1/1) D:7           Sewer (visited)
   Lair: D:8-11         Orc: D:9-12

Altars:
Ashenzari
Cheibriados
Dithmenos
Elyvilon
Fedhas
Gozag
Hepliaklqana
Kikubaaqudgha
Makhleb
Nemelex Xobeh
Okawaru
Qazlal
Ru
Sif Muna
Trog
Uskayaw
Vehumet
Wu Jian
Xom
Yredelemnul
Zin
The Shining One

Shops:
D:4 }(*[}   D:5 =

Portals:
Trove: D:10 (give +2 shadow dragon scales)

Annotations:
D:9 Joseph


Innate Abilities, Weirdness & Mutations

You have sharp fingernails.
You are mostly covered in slimy green scales. (AC +3)
You are completely covered in sharp spines.
When hurt, damage is shared between your health and your magic reserves.


Message History

The sun demon is moderately wounded.
The sun demon hits you!!
You are engulfed in flames!
You block the sun demon's attack.
Unknown command.
You hit the sun demon.
The sun demon is moderately wounded.
The sun demon misses you.
You hit the sun demon.
The sun demon is moderately wounded.
The sun demon is struck by your spines. The sun demon closely misses you.
The sun demon is struck by your spines. The sun demon hits you.
You are engulfed in flames!
* * * LOW HITPOINT WARNING * * *
Unknown command.
You hit the sun demon but do no damage.
The sun demon is heavily wounded.
The sun demon is struck by your spines. The sun demon hits you!
* * * LOW HITPOINT WARNING * * *
You are engulfed in flames!
You die...

## #.. #.#
### #.#
#..# #3##
##..#
#@###...##
#........#
###.....##
##.#..##
#.#...#
####### .
.#


You could see a sun demon.

Vanquished Creatures
  Josephine (D:10)
  2 two-headed ogres
  Nergalle (D:10)
  A sixfirhy (Abyss:1)
  An unseen horror (D:10)
  A deep elf mage (D:6)
  An ancient zyme (Abyss:1)
  2 trolls
  2 raiju (Abyss:1)
  Grinder (D:4)
  A hippogriff (D:9)
  A vampire (D:9)
  5 wraiths
  Grum (D:9)
  A hungry ghost (D:7)
  Duvessa (D:6)
  3 ice beasts
  2 phantoms
  A sky beast (D:6)
  2 wolves (D:9)
  8 ogres
  2 centaurs
  7 bullfrogs
  Dowan (D:6)
  2 scorpions
  5 killer bees (D:8)
  2 howler monkeys
  A centaur zombie (D:5)
  5 crimson imps
  A bullfrog zombie (D:5)
  A quasit (D:7)
  11 hounds
  3 jellies
  A gnoll shaman (D:8)
  3 orc priests
  A bullfrog skeleton (D:7)
  An iron imp (Abyss:1)
  2 iguanas
  An orc wizard (D:5)
  A killer bee zombie (D:7)
  7 worker ants
  A hound zombie (D:9)
  A hound skeleton (D:7)
  13 gnolls
  19 adders
  7 river rats (Sewer)
  A shadow imp (D:6)
  A white imp (Abyss:1)
  An ooze (D:5)
  3 adder zombies
  An adder skeleton (D:4)
  2 worms (D:4)
  3 dart slugs (D:1)
  7 leopard geckos
  15 orcs
  8 ball pythons
  13 bats
  8 giant cockroaches
  7 goblins
  9 hobgoblins
  18 jackals
  5 quokkas
  6 frilled lizards
  A jackal zombie (D:5)
  26 kobolds
  2 leopard gecko skeletons
  23 rats
298 creatures vanquished.

Vanquished Creatures (others)
  2 starspawn tentacles (Abyss:1)
2 creatures vanquished.

Grand Total: 300 creatures vanquished

Notes
Turn   | Place    | Note
-------+----------+-------------------------------------------
     0 | D:1      | DerDa the Demonspawn Berserker began the quest for the Orb.
     0 | D:1      | Reached XP level 1. HP: 18/18 MP: 1/1
   204 | D:1      | Gained mutation: You are partially covered in sharp spines.
                  | [demonic ancestry]
   204 | D:1      | Reached XP level 2. HP: 24/24 MP: 2/2
   344 | D:1      | Reached ** piety under Trog
   347 | D:1      | Gained mutation: You are mostly covered in sharp spines.
                  | [demonic ancestry]
   347 | D:1      | Reached XP level 3. HP: 24/29 MP: 3/3
   985 | D:2      | Gained mutation: You are partially covered in slimy green
                  | scales. (AC +2) [demonic ancestry]
   985 | D:2      | Reached XP level 4. HP: 36/36 MP: 4/4
  1429 | D:2      | Found a bloodstained altar of Trog.
  1430 | D:2      | Found an iron altar of Okawaru.
  1683 | D:3      | Reached *** piety under Trog
  1720 | D:3      | Reached skill level 1 in Shields
  1720 | D:3      | Reached XP level 5. HP: 41/42 MP: 5/5
  1721 | D:3      | Found a shadowy altar of Dithmenos.
  1940 | D:3      | Found a shimmering altar of Xom.
  1970 | D:3      | Found an iron altar of Okawaru.
  2297 | D:4      | Noticed an ogre
  2302 | D:4      | Killed an ogre
  2302 | D:4      | Reached skill level 4 in Fighting
  2337 | D:4      | Found a shattered altar of Ashenzari.
  2347 | D:4      | Found Veosyzum's Gadget Emporium.
  2405 | D:4      | Gained mutation: You have sharp fingernails. [demonic
                  | ancestry]
  2405 | D:4      | Reached XP level 6. HP: 47/48 MP: 6/6
  2429 | D:4      | Found Wioz's Antique Weapon Shoppe.
  2442 | D:4      | Found Wueterim's Antique Armour Shop.
  2635 | D:4      | Found Pehosuno's Assorted Antiques.
  2643 | D:4      | Bought a scroll labeled CYXI HIUCETHU for 23 gold pieces
  2643 | D:4      | Bought a scroll labeled SUMMAP BIFEBER for 23 gold pieces
  2833 | D:4      | Found a glowing drain.
  2852 | Sewer    | Entered a sewer
  2944 | Sewer    | Reached **** piety under Trog
  3012 | Sewer    | Gained mutation: You are mostly covered in slimy green
                  | scales. (AC +3) [demonic ancestry]
  3012 | Sewer    | Reached XP level 7. HP: 52/55 MP: 7/7
  3481 | D:4      | Found Waddine's Gadget Shop.
  3638 | D:4      | Noticed Grinder
  3657 | D:4      | Killed Grinder
  3657 | D:4      | Reached skill level 5 in Fighting
  3814 | D:4      | Found a burning altar of Makhleb.
  3913 | D:5      | Entered Level 5 of the Dungeon
  3922 | D:5      | Found Hubenet's Jewellery Shoppe.
  4156 | D:5      | Reached XP level 8. HP: 63/63 MP: 8/8
  4217 | D:5      | Found a hazy altar of Hepliaklqana.
  4265 | D:5      | Reached ***** piety under Trog
  4606 | D:6      | Found a hide-covered altar of Uskayaw.
  4606 | D:6      | Noticed a +0 dagger
  4606 | D:6      | Noticed a +0 dagger
  4630 | D:6      | Reached skill level 5 in Armour
  4794 | D:6      | Reached skill level 6 in Fighting
  4794 | D:6      | Reached skill level 5 in Dodging
  4872 | D:6      | Noticed Duvessa
  4873 | D:6      | Noticed Dowan
  4881 | D:6      | Killed Duvessa
  4887 | D:6      | Killed Dowan
  5155 | D:6      | Noticed a deep elf mage
  5164 | D:6      | Killed a deep elf mage
  5164 | D:6      | Reached skill level 5 in Shields
  5164 | D:6      | Reached XP level 9. HP: 54/71 MP: 9/9
  5517 | D:6      | Found a radiant altar of Vehumet.
  5520 | D:6      | Found a white marble altar of Elyvilon.
  5534 | D:6      | Found a stormy altar of Qazlal.
  5585 | D:6      | Found a glowing golden altar of the Shining One.
  5699 | D:6      | Identified a scroll of acquirement
  5700 | D:6      | Acquired the ring "Wyxtimeu" {+Blink MR++ Str+5 Dex-4 SInv}
  5898 | D:7      | Reached skill level 7 in Fighting
  5999 | D:7      | Found a staircase to the Ecumenical Temple.
  6016 | Temple   | Entered the Ecumenical Temple
  6417 | D:7      | Reached skill level 1 in Evocations
  6926 | D:8      | You fall into a shaft and drop 2 floors!
  6926 | D:10     | Entered Level 10 of the Dungeon
  6983 | D:10     | Found a portal to a secret trove of treasure.
  6988 | D:10     | Noticed a two-headed ogre
  6998 | D:10     | Noticed Nergalle
  7006 | D:10     | Killed a two-headed ogre
  7006 | D:10     | Gained mutation: When hurt, damage is shared between your
                  | health and your magic reserves. [demonic ancestry]
  7006 | D:10     | Reached XP level 10. HP: 54/80 MP: 11/11
  7013 | D:10     | Killed Nergalle
  7013 | D:10     | Reached skill level 8 in Fighting
  7221 | D:10     | Noticed an unseen horror
  7225 | D:10     | Killed an unseen horror
  7512 | D:10     | Noticed Josephine
  7555 | D:10     | Killed Josephine
  7603 | D:9      | Noticed Grum
  7625 | D:9      | Killed Grum
  7739 | D:10     | Received a gift from Trog
  7867 | D:9      | Gained mutation: You are completely covered in sharp
                  | spines. [demonic ancestry]
  7867 | D:9      | Reached XP level 11. HP: 87/87 MP: 13/13
  7911 | D:9      | Noticed a two-headed ogre
  7927 | D:9      | Killed a two-headed ogre
  7927 | D:9      | Reached skill level 9 in Fighting
  8358 | D:8      | Found a blossoming altar of Fedhas.
  8533 | D:8      | Found a stormy altar of Qazlal.
  8650 | D:9      | Noticed Joseph
  8660 | D:9      | Cast into level 1 of the Abyss (Joseph)
  8776 | Abyss:1  | Found a corrupted altar of Lugonu.
  8880 | Abyss:1  | Noticed a sixfirhy
  8933 | Abyss:1  | Noticed a bone dragon
  8938 | Abyss:1  | Noticed a tentacled starspawn
  8944 | Abyss:1  | Noticed an eidolon
  9024 | Abyss:1  | Noticed a sixfirhy
  9028 | Abyss:1  | Killed a sixfirhy
  9058 | Abyss:1  | Noticed a sun demon
  9068 | Abyss:1  | HP: 2/89 [sun demon (14)]
  9068 | Abyss:1  | Mangled by a sun demon

Illustrated notes

Levels and vault maps discovered:
D:1:      matt_arrival_refuge, layout_loops_ring, minmay_pentomino_s2
D:2:      layout_basic, gammafunk_temple_overflow_statue
D:3:      layout_basic, marbit_many_paths, grunt_dithmenos_smoke_and_mirrors,
          first_ration, kennysheep_okawaru_gauntlet
D:4:      layout_basic, makhleb_blood_cavern_becter, overflow_temple_1_default,
          serial_curves, eino_curves_01, eino_curves_01,
          cheibrodos_sewer_entry_bend, serial_shops, shop,
          nicolae_shop_behind_doors, nicolae_shop_overgrown_old_shop,
          shop_fountains, nicolae_shop_stone, lemuel_old_faithful, uniq_grinder
D:5:      cheibrodos_iron_armory, layout_basic, lemuel_coloured_pillars_altar,
          serial_shops, shop_statue
D:6:      layout_loops_ring, dancing_weapons_uskayaw,
          grunt_temple_overflow_cloverleaf, guppyfry_early_elven_hall,
          uniq_duvessa
D:7:      layout_gridville, minmay_temple_entry_antechambers
D:8:      layout_basic, fedhas_altar_fruit_tree,
          nicolae_qazlal_general_emergency
D:9:      lemuel_upstairs_altar, layout_rooms, uniq_grum, uniq_joseph
D:10:     layout_irregular_city, lair_entry_dummy,
          nicolae_trove_entry_crossroad, uniq_nergalle, uniq_josephine
Temple:   nicolae_temple_figure_zero
Abyss:1:  base: D:6, hangedman_abyss_sting

Skill      XL: |  1  2  3  4  5  6  7  8  9 10 11 |
---------------+----------------------------------+-----
Armour         | 2 3 4 5 6 7 8 |  8.3
Dodging        | 2 3 4 5 6 7 8 |  8.3
Long Blades    | 3 |  3.3
Shields        | 1 2 3 5 6 7 |  7.8
Fighting       | 4 5 6 7 8 9 |  9.4
Evocations     | 2 3 4 |  4.2

Action                   |  1- 3 |  4- 6 |  7- 9 | 10-12 || total
-------------------------+-------+-------+-------+-------++-------
Melee: Falchion          |    91 |    74 |       |       ||   165
       Hand axe          |       |    58 |   288 |   211 ||   557
 Fire: Hunting sling     |       |     2 |       |       ||     2
Invok: Berserk           |       |       |     2 |     5 ||     7
       Trog's Hand       |       |       |       |     2 ||     2
  Use: Scroll            |       |       |    11 |     1 ||    12
       Potion            |       |       |       |     2 ||     2
  Eat: Chunk             |       |     7 |    16 |    10 ||    33
       Ration            |       |       |       |     1 ||     1
Armor: Ring mail         |    32 |    25 |    96 |    10 ||   163
       Troll leather arm |       |       |       |    49 ||    49
Dodge: Dodged            |    76 |    89 |   210 |   187 ||   562
       Repelled          |       |       |       |    10 ||    10
Block: Buckler           |       |    27 |    61 |    59 ||   147
       Rpst.: Falchion   |    17 |    14 |       |       ||    31
